[Event "Titled Tuesday Blitz March 28 Late 2023"]
[White "Kubatko, Ivan"]
[Black "Wang, Alexander J"]
[WhiteFideId "24111473"]
[BlackFideId "30955270"]
[WhiteElo "2285"]
[BlackElo "2298"]
[Result "0-1"]
[Round "05"]
[TimeControl "180+2"]
[Date "2023.03.28"]
[WhiteClock "0:00:01"]
[BlackClock "0:00:26"]

1. e4 c5 2. c3 Nf6 3. e5 Nd5 4. d4 cxd4 5. cxd4 g6 6. Bc4 Nb6 7. Bb3 Bg7 8. Nf3 O-O 9. O-O d5 10. Bg5 h6 11. Bh4 Nc6 12. h3 Bf5 13. Nc3 g5 14. Bg3 e6 15. Nb5 Be4 16. Nd6 Bxf3 17. gxf3 Rb8 18. Rc1 Nc8 19. Nxb7 Rxb7 20. Rxc6 Ne7 21. Rc5 Nf5 22. Qd2 Qe7 23. Rfc1 h5 24. Kg2 Bh6 25. Qa5 g4 26. hxg4 Nxg3 27. fxg3 Bxc1 28. Rxc1 hxg4 29. f4 f5 30. exf6 Qxf6 31. Qc5 Rh7 32. Re1 Qh6 33. Kf2 Qh2+ 34. Ke3 Qxg3+ 35. Kd2 Qxf4+ 36. Kd1 Qf3+ 37. Kc1 Qf4+ 38. Kb1 Qf5+ 39. Ka1 g3 40. Bc2 Qf2 41. Bxh7+ Kxh7 42. Rh1+ Kg8 43. a3 g2 0-1


[Site "https://www.chess.com"]

[Event "Titled Tuesday Blitz March 28 Late 2023"]
[White "Ardila, Oscar Humberto"]
[Black "Senthilkumar, Pranav"]
[WhiteFideId "4404742"]
[BlackFideId "2083477"]
[WhiteElo "1911"]
[BlackElo "1860"]
[Result "0-1"]
[Round "05"]
[TimeControl "180+2"]
[Date "2023.03.28"]
[WhiteClock "0:00:09"]
[BlackClock "0:00:05"]

1. d4 Nf6 2. c4 e6 3. Nc3 d5 4. Bg5 Be7 5. e3 O-O 6. Nf3 c5 7. cxd5 Nxd5 8. Bxe7 Nxe7 9. dxc5 Qa5 10. Be2 Qxc5 11. O-O Nbc6 12. Qa4 a6 13. Qh4 Ng6 14. Qg3 Nce5 15. Rac1 Qa5 16. h4 Nxf3+ 17. Bxf3 Ne5 18. Be4 f5 19. Bc2 Bd7 20. Rfd1 Bc6 21. b4 Qc7 22. Ne2 Rf7 23. Bb3 Re8 24. Nd4 f4 25. exf4 Rxf4 26. Nxe6 Rxe6 27. Bxe6+ Kh8 28. Rc5 Ng6 29. Qg5 Rf8 30. h5 Nf4 31. Qe5 Qe7 32. h6 Nxe6 33. hxg7+ Qxg7 34. Rxc6 Qxe5 35. Rc2 Nf4 0-1


[Site "https://www.chess.com"]

[Event "Titled Tuesday Blitz March 28 Late 2023"]
[White "Garrido, Denis"]
[Black "Kozin, Yuri"]
[WhiteFideId "601217"]
[BlackFideId "4129920"]
[WhiteElo "2281"]
[BlackElo "2435"]
[Result "1-0"]
[Round "05"]
[TimeControl "180+2"]
[Date "2023.03.28"]
[WhiteClock "0:00:27"]
[BlackClock "0:00:12"]

1. e4 c5 2. Nf3 e6 3. d4 cxd4 4. Nxd4 a6 5. c4 Qc7 6. Nc3 Nf6 7. a3 Nxe4 8. Nxe4 Qe5 9. Be2 Qxe4 10. O-O Nc6 11. Be3 Be7 12. Bf3 Qg6 13. Re1 O-O 14. b4 f5 15. c5 Ne5 16. Be2 f4 17. Bc1 a5 18. Bb2 axb4 19. axb4 Rxa1 20. Bxa1 b6 21. Nxe6 dxe6 22. Bxe5 bxc5 23. b5 c4 24. Bf3 Bf6 25. b6 Bxe5 26. Rxe5 Qf7 27. h3 h6 28. Qd4 Bb7 29. Bxb7 Qxb7 30. Rxe6 c3 31. Qc4 Rc8 32. Rc6+ Kh7 33. Rxc8 c2 34. Qxc2+ 1-0


[Site "https://www.chess.com"]

[Event "Titled Tuesday Blitz March 28 Late 2023"]
[White "Fernandez Garcia, Gumersindo"]
[Black "Martinez, Shawn"]
[WhiteFideId "24516740"]
[BlackFideId "2039770"]
[WhiteElo "2093"]
[BlackElo "2174"]
[Result "1-0"]
[Round "05"]
[TimeControl "180+2"]
[Date "2023.03.28"]
[WhiteClock "0:02:13"]
[BlackClock "0:00:45"]

1. d4 d5 2. c4 e6 3. cxd5 exd5 4. Nc3 Nf6 5. Bg5 Be7 6. e3 Nbd7 7. Bd3 b6 8. Nge2 Bb7 9. O-O a6 10. Rc1 O-O 11. Bb1 Ne4 12. Bxe7 Qxe7 13. Nxe4 dxe4 14. Rxc7 Bc6 15. Rxc6 f5 16. Nf4 Rac8 17. Qc1 g5 18. Rxc8 gxf4 19. Rxf8+ Kxf8 20. Qc8+ Kf7 21. a3 fxe3 22. fxe3 Nf8 23. Qxf5+ Kg7 24. Ba2 Kh8 25. Qxf8+ Qxf8 26. Rxf8+ Kg7 27. Rf7+ Kg6 28. g4 Kg5 29. h3 Kh4 30. Kg2 h5 31. Be6 hxg4 32. Bxg4 a5 33. Rf5 b5 34. Rh5# 1-0


[Site "https://www.chess.com"]

[Event "Titled Tuesday Blitz March 28 Late 2023"]
[White "Becerra, Juan David"]
[Black "Prieto Aranguren, Alain"]
[WhiteFideId "4404998"]
[BlackFideId "2268906"]
[WhiteElo "2282"]
[BlackElo "2209"]
[Result "0-1"]
[Round "05"]
[TimeControl "180+2"]
[Date "2023.03.28"]
[WhiteClock "0:02:18"]
[BlackClock "0:02:16"]

1. e4 c6 2. c4 c5 3. Nf3 Nc6 4. d4 cxd4 5. Nxd4 Qb6 6. Nc2 Nf6 7. Nc3 d6 8. Be2 Be6 9. O-O g6 10. Rb1 Bg7 11. b4 O-O 12. Be3 Qd8 13. Nd5 Nxe4 14. Bf3 Bxd5 15. cxd5 Nc3 16. Qd3 Ne5 17. Qd2 Nxf3+ 18. gxf3 Nxb1 19. Rc1 Nc3 0-1


[Site "https://www.chess.com"]

[Event "Titled Tuesday Blitz March 28 Late 2023"]
[White "Fajdetic, Hrvoje"]
[Black "Vedder, Richard"]
[WhiteFideId "14501945"]
[BlackFideId "1004166"]
[WhiteElo "2185"]
[BlackElo "2168"]
[Result "1/2-1/2"]
[Round "05"]
[TimeControl "180+2"]
[Date "2023.03.28"]
[WhiteClock "0:00:03"]
[BlackClock "0:00:38"]

1. f4 Nh6 2. e4 d5 3. d3 dxe4 4. dxe4 Qxd1+ 5. Kxd1 e5 6. f5 Ng4 7. Nh3 Bc5 8. Be2 Nf6 9. Bf3 O-O 10. Nc3 Nc6 11. Na4 Rd8+ 12. Ke1 Be7 13. Be3 Nd4 14. Rc1 Bd7 15. Nc3 Bc6 16. Nf2 Rd7 17. Ne2 Rad8 18. c3 Nxf3+ 19. gxf3 Bb5 20. Rd1 a5 21. Rxd7 Rxd7 22. Nd1 a4 23. b3 Nh5 24. c4 Bb4+ 25. Kf2 Bc6 26. Ndc3 Nf4 27. Bxf4 exf4 28. Rd1 Rxd1 29. Nxd1 axb3 30. axb3 Bd2 31. Ndc3 g5 32. fxg6 hxg6 33. Nd5 Bxd5 34. cxd5 Kf8 35. Kf1 Ke7 36. Nd4 Kd6 37. Nb5+ Kd7 38. Ke2 Be3 39. Kd3 c6 40. dxc6+ bxc6 41. Nd4 Kd6 42. h3 Kc5 43. Nc2 Bc1 44. b4+ Kd6 45. Kc4 Bd2 46. b5 cxb5+ 47. Kxb5 Ke5 48. Kc4 f5 49. exf5 Kxf5 50. Kd5 Kg5 51. Nd4 Kh4 52. Ke4 Kxh3 53. Ne6 Kg3 54. Ng5 Ba5 55. Ne6 Bd2 56. Ng5 Bc1 57. Ne6 Bd2 1/2-1/2


[Site "https://www.chess.com"]

[Event "Titled Tuesday Blitz March 28 Late 2023"]
[White "Muhammad, Shahzeb"]
[Black "Tymrakiewicz, Rafal"]
[WhiteFideId "7804806"]
[BlackFideId "1108832"]
[WhiteElo "2264"]
[BlackElo "2151"]
[Result "1-0"]
[Round "05"]
[TimeControl "180+2"]
[Date "2023.03.28"]
[WhiteClock "0:00:26"]
[BlackClock "0:00:35"]

1. d4 Nf6 2. c4 d6 3. Nf3 Nc6 4. g3 Bg4 5. Bg2 e5 6. d5 Ne7 7. O-O g6 8. Bg5 Bg7 9. Nc3 h6 10. Be3 Nd7 11. h3 Bxf3 12. exf3 f5 13. c5 Nxc5 14. Bxc5 dxc5 15. Qb3 b6 16. f4 e4 17. f3 e3 18. Rfe1 Bd4 19. Rad1 a6 20. Rxd4 cxd4 21. Qa4+ Kf7 22. Qxd4 Re8 23. g4 Nc6 24. Qc4 Na5 25. Qd3 Qf6 26. g5 Qd6 27. gxh6 Qxf4 28. d6 Qxd6 29. Nd5 Rad8 30. f4 c6 31. Qd4 cxd5 32. Qg7+ Ke6 33. Rxe3+ Qe5 34. Qxe5+ Kd7 35. Qxd5+ Kc7 36. Qf7+ Rd7 37. Qxe8 Nc4 38. Rc3 b5 39. b3 1-0


[Site "https://www.chess.com"]

[Event "Titled Tuesday Blitz March 28 Late 2023"]
[White "morozcoma"]
[Black "Przybylski, Wojciech"]
[BlackFideId "1117599"]
[WhiteElo "2261"]
[BlackElo "2222"]
[Result "1-0"]
[Round "05"]
[TimeControl "180+2"]
[Date "2023.03.28"]
[WhiteClock "0:00:36"]
[BlackClock "0:00:02"]

1. e4 c5 2. Nc3 d6 3. Nf3 Nf6 4. Bc4 e6 5. d4 cxd4 6. Nxd4 a6 7. O-O Be7 8. Bb3 O-O 9. f4 Qc7 10. Be3 b5 11. a3 Bb7 12. Qf3 Nbd7 13. f5 e5 14. Nde2 Nc5 15. Ng3 Nxb3 16. cxb3 Rad8 17. Rad1 Bc6 18. Nh5 Nxh5 19. Qxh5 g6 20. Qh6 Bf6 21. Rf3 Bg7 22. Qh4 h5 23. f6 Bh8 24. Rg3 Qd7 25. Rf1 Qe6 26. Nd5 Bxd5 27. exd5 Qxd5 28. Qxh5 Qe4 29. Qh6 Rfe8 30. Rh3 Bxf6 31. Rxf6 Qb1+ 32. Rf1 Qxf1+ 33. Kxf1 f6 34. Qh7+ Kf8 35. Bh6# 1-0


[Site "https://www.chess.com"]

[Event "Titled Tuesday Blitz March 28 Late 2023"]
[White "Kiselev, Pavel"]
[Black "Dmitrenko, Viktor"]
[WhiteFideId "4191102"]
[BlackFideId "14110270"]
[WhiteElo "2145"]
[BlackElo "2292"]
[Result "0-1"]
[Round "05"]
[TimeControl "180+2"]
[Date "2023.03.28"]
[WhiteClock "0:00:17"]
[BlackClock "0:00:29"]

1. Nf3 Nf6 2. c3 g6 3. d4 Bg7 4. Bf4 O-O 5. e3 d5 6. Bd3 c5 7. O-O Nfd7 8. Nbd2 Nc6 9. Rc1 e5 10. dxe5 Ndxe5 11. Nxe5 Nxe5 12. Be2 b6 13. Nf3 Nc6 14. Qb3 Be6 15. Qb5 Bd7 16. Qb3 c4 17. Qc2 Bf5 18. Qd2 Qd7 19. Nd4 Be4 20. Bf3 Bd3 21. Rfe1 Rfe8 22. Be2 Bxd4 23. exd4 Be4 24. Bg3 f6 25. Bd1 g5 26. b3 Na5 27. Bc2 Qf5 28. Bxe4 Rxe4 29. b4 Nc6 30. f3 Rxe1+ 31. Rxe1 Kf7 32. Qe3 Qd7 33. f4 Re8 34. Qxe8+ Qxe8 35. Rxe8 Kxe8 36. fxg5 fxg5 37. Kf2 Kf7 38. Kf3 Kg6 39. h4 h5 40. hxg5 Kxg5 41. Bf4+ Kf5 42. Bc7 b5 43. g3 a6 44. Bb6 Ne7 45. Bc7 Ng6 46. Bd6 Nh8 47. Be5 Nf7 48. Bc7 Ng5+ 49. Ke3 Kg4 50. Kf2 Ne4+ 51. Kg2 Nxc3 52. a3 Nb1 0-1


[Site "https://www.chess.com"]

[Event "Titled Tuesday Blitz March 28 Late 2023"]
[White "Martin Barcelo, Carles"]
[Black "Estremera Panos, Sergio"]
[WhiteFideId "24561444"]
[BlackFideId "2200864"]
[WhiteElo "2089"]
[BlackElo "2253"]
[Result "1-0"]
[Round "05"]
[TimeControl "180+2"]
[Date "2023.03.28"]
[WhiteClock "0:00:06"]
[BlackClock "0:00:21"]

1. d4 d5 2. Nf3 Nf6 3. e3 e6 4. Bd3 c5 5. O-O Nc6 6. b3 Be7 7. Bb2 b6 8. Nbd2 O-O 9. Ne5 Bb7 10. f4 Rc8 11. a3 Nxe5 12. dxe5 Ne4 13. Nxe4 dxe4 14. Bb5 Qc7 15. Qd7 Rfd8 16. Qxc7 Rxc7 17. Rfd1 Rcc8 18. Kf2 a6 19. Be2 b5 20. c4 Bc6 21. Bc3 Kf8 22. Ba5 Rxd1 23. Rxd1 Ke8 24. g3 Bd8 25. Bc3 Be7 26. Ba5 Bd8 27. Rxd8+ Rxd8 28. Bxd8 Kxd8 29. cxb5 Bxb5 30. Bd1 Kc7 31. Bc2 Bd3 32. Bxd3 exd3 33. Ke1 a5 34. a4 Kc6 35. Kd2 c4 36. bxc4 Kc5 37. Kxd3 Kb4 38. e4 Kxa4 39. Kc3 g6 40. g4 Ka3 41. c5 a4 42. c6 h5 43. c7 hxg4 44. c8=Q Ka2 45. Qc4+ Kb1 46. Qe2 Kc1 47. Qc2# 1-0


[Site "https://www.chess.com"]

[Event "Titled Tuesday Blitz March 28 Late 2023"]
[White "FuenfgegenWilly"]
[Black "marik_spb"]
[WhiteElo "2244"]
[BlackElo "2397"]
[Result "0-1"]
[Round "05"]
[TimeControl "180+2"]
[Date "2023.03.28"]
[WhiteClock "0:00:02"]
[BlackClock "0:00:05"]

1. d4 Nf6 2. c4 e6 3. Nc3 Bb4 4. e3 c5 5. Ne2 O-O 6. a3 Bxc3+ 7. Nxc3 b6 8. d5 d6 9. Bd3 exd5 10. cxd5 a6 11. a4 Nbd7 12. O-O Bb7 13. e4 Re8 14. h3 c4 15. Bc2 Nc5 16. Re1 Qd7 17. Bg5 b5 18. Bxf6 gxf6 19. axb5 axb5 20. Rxa8 Rxa8 21. Qd4 Qe7 22. e5 fxe5 23. Qg4+ Kh8 24. Qf5 f6 25. Nxb5 Bxd5 26. Nxd6 Nd3 27. Bxd3 cxd3 28. Ne4 Bxe4 29. Qxe4 Rd8 30. Rd1 Qd6 31. b4 Qd4 32. Qf5 Kg7 33. b5 Rd6 34. h4 d2 35. h5 Qa4 36. Qb1 e4 37. g3 f5 38. Kg2 Kh6 39. b6 Rd7 40. Kg1 Qa6 41. Qc2 Qd3 42. Qb2 Qe2 43. Qb1 Kg5 44. b7 Rxb7 45. Qxb7 Qxd1+ 46. Kh2 Qxh5+ 47. Kg2 Qf3+ 48. Kh3 Qh5+ 49. Kg2 d1=Q 50. Qg7+ Qg6 51. Qe5 Qf3+ 52. Kf1 Qa6+ 53. Kg1 Qd1+ 54. Kh2 Qg6 55. Qxe4 fxe4 56. f4+ exf3 57. g4 Qgd6+ 58. Kh3 Qh1# 0-1


[Site "https://www.chess.com"]

[Event "Titled Tuesday Blitz March 28 Late 2023"]
[White "Palacio,Igor Da Paz"]
[Black "Buchenau, Frank"]
[WhiteFideId "2121140"]
[BlackFideId "4604350"]
[WhiteElo "2126"]
[BlackElo "2157"]
[Result "0-1"]
[Round "05"]
[TimeControl "180+2"]
[Date "2023.03.28"]
[WhiteClock "0:00:01"]
[BlackClock "0:00:56"]

1. e4 e6 2. d4 d5 3. Nd2 c5 4. c3 cxd4 5. cxd4 dxe4 6. Nxe4 Nc6 7. Nf3 Be7 8. Bd3 Nf6 9. O-O O-O 10. Nxf6+ Bxf6 11. Be3 Nb4 12. Bb1 Bd7 13. Ne5 Bb5 14. Re1 Qd5 15. a3 Bc6 16. f3 Bxe5 17. dxe5 Qxd1 18. Rxd1 Nd5 19. Bf2 Rfd8 20. g3 Ne7 21. Be4 Bxe4 22. fxe4 Nc6 23. Rac1 a6 24. Bb6 Rxd1+ 25. Rxd1 Nxe5 26. b3 Kf8 27. Kf2 f6 28. h3 Ke7 29. Ke3 Rc8 30. Rb1 Rc3+ 31. Kf2 Nd3+ 32. Kg2 Rc2+ 33. Kf3 Ne5+ 34. Ke3 Rc3+ 35. Kf2 Rc2+ 36. Ke3 Rg2 37. g4 Rg3+ 38. Ke2 Rxh3 39. Rc1 Rxb3 40. Rc7+ Nd7 0-1


[Site "https://www.chess.com"]

[Event "Titled Tuesday Blitz March 28 Late 2023"]
[White "Ozalp, Burak"]
[Black "ritanovikova"]
[WhiteFideId "6314210"]
[WhiteElo "2106"]
[BlackElo "2218"]
[Result "0-1"]
[Round "05"]
[TimeControl "180+2"]
[Date "2023.03.28"]
[WhiteClock "0:00:11"]
[BlackClock "0:01:01"]

1. Nf3 Nf6 2. c4 e6 3. g3 Bc5 4. Bg2 d5 5. b3 O-O 6. Bb2 c6 7. O-O Nbd7 8. d4 Be7 9. Nbd2 Ne4 10. Rc1 Ndf6 11. Ne5 Nxd2 12. Qxd2 Nd7 13. Nxd7 Bxd7 14. e4 dxe4 15. Bxe4 Bf6 16. Rfd1 g6 17. d5 exd5 18. cxd5 cxd5 19. Bxd5 Rb8 20. Ba3 Be7 21. Bb2 Bf6 22. Bc4 Bc6 23. Qf4 Qxd1+ 24. Rxd1 Bxb2 25. h4 Rbd8 26. Rxd8 Rxd8 27. Qxf7+ Kh8 28. Kh2 Bg7 29. g4 Rf8 30. Qe7 Rxf2+ 31. Kg3 Rf8 32. h5 Re8 33. Qc7 Be5+ 34. Qxe5+ Rxe5 35. h6 b5 36. Bf7 Re2 37. Kh4 Rxa2 38. b4 Rb2 39. Kg5 Rxb4 40. Bxg6 hxg6 41. h7 Bd7 42. Kh6 Bxg4 43. Kg5 Bh5 44. Kh6 Rc4 45. Kg5 b4 46. Kh6 b3 47. Kg5 b2 48. Kh6 b1=Q 0-1


[Site "https://www.chess.com"]

[Event "Titled Tuesday Blitz March 28 Late 2023"]
[White "Dahlgren, James Allen"]
[Black "Kielinkei"]
[WhiteFideId "22256873"]
[WhiteElo "2212"]
[BlackElo "2392"]
[Result "0-1"]
[Round "05"]
[TimeControl "180+2"]
[Date "2023.03.28"]
[WhiteClock "0:00:05"]
[BlackClock "0:00:06"]

1. e4 c6 2. Nc3 d5 3. f3 e5 4. d4 dxe4 5. dxe5 Qxd1+ 6. Kxd1 exf3 7. Nxf3 Ne7 8. Bf4 Ng6 9. Bg3 h5 10. h3 h4 11. Bh2 Bf5 12. Bd3 Bxd3 13. cxd3 Nd7 14. Re1 Nc5 15. Kc2 O-O-O 16. d4 Ne6 17. Rad1 Ngf4 18. Rd2 Be7 19. Re4 g5 20. a3 Rd7 21. b4 Rhd8 22. Ne2 Nxe2 23. Rdxe2 Nxd4+ 24. Nxd4 Rxd4 25. Rxd4 Rxd4 26. e6 f6 27. Rd2 Re4 28. Rd7 Rxe6 29. Rc7+ Kd8 30. Rxb7 c5 31. b5 Re2+ 32. Kd3 Rxg2 33. Rb8+ Kd7 34. Rb7+ Ke6 35. Bb8 Ra2 36. Rxa7 Rxa3+ 37. Rxa3 c4+ 38. Kxc4 Bxa3 39. b6 Kd7 40. Kd5 Kc8 41. Bc7 Kb7 42. Bd8 Bb2 43. Ke6 g4 44. hxg4 h3 45. g5 h2 46. gxf6 h1=Q 47. Be7 Qe4+ 48. Kf7 Qh7+ 49. Kf8 Qh8+ 50. Kf7 Bxf6 51. Bxf6 Qc8 52. Ke7 Kxb6 53. Be5 Kc6 54. Bf6 Qd7+ 0-1


[Site "https://www.chess.com"]

[Event "Titled Tuesday Blitz March 28 Late 2023"]
[White "Mazzilli, Piero"]
[Black "Zavortink, Matt"]
[WhiteFideId "807087"]
[BlackFideId "2034263"]
[WhiteElo "2185"]
[BlackElo "2389"]
[Result "1/2-1/2"]
[Round "05"]
[TimeControl "180+2"]
[Date "2023.03.28"]
[WhiteClock "0:00:20"]
[BlackClock "0:00:20"]

1. e4 e6 2. Nc3 d5 3. Nf3 Nf6 4. e5 Nfd7 5. d4 c5 6. dxc5 Nc6 7. Bf4 Nxc5 8. Be2 Be7 9. O-O O-O 10. Bg3 Bd7 11. Re1 a6 12. a3 b5 13. Nd4 Qb6 14. Nxc6 Bxc6 15. Qd4 Na4 16. Qxb6 Nxb6 17. f4 Nc4 18. Bxc4 dxc4 19. Bf2 Rfd8 20. Red1 Rxd1+ 21. Rxd1 Kf8 22. Ne2 Ke8 23. Be3 a5 24. Nd4 Bd7 25. Ra1 Bc5 26. Kf2 Bxd4 27. Bxd4 Bc6 28. g3 Rd8 29. Ke3 Rd7 30. g4 Rb7 31. f5 g6 32. fxe6 fxe6 33. Rf1 Rf7 34. Rxf7 Kxf7 35. Kf4 h6 36. h4 b4 37. axb4 axb4 38. Bc5 Ba4 39. b3 cxb3 40. cxb3 Bxb3 41. Bxb4 Bd5 42. g5 h5 43. Ke3 Ke8 44. Kd4 Kd7 45. Kc5 Be4 46. Ba5 Bf5 47. Bb4 Bg4 48. Ba5 Bf5 49. Bb4 Bg4 1/2-1/2


[Site "https://www.chess.com"]

[Event "Titled Tuesday Blitz March 28 Late 2023"]
[White "Abduzhaparov"]
[Black "Adel, Sara"]
[BlackFideId "10616764"]
[WhiteElo "2382"]
[BlackElo "1982"]
[Result "1-0"]
[Round "05"]
[TimeControl "180+2"]
[Date "2023.03.28"]
[WhiteClock "0:00:22"]
[BlackClock "0:00:41"]

1. Nf3 Nf6 2. c4 g6 3. Nc3 Bg7 4. e4 d6 5. d4 O-O 6. Be3 e5 7. dxe5 dxe5 8. Qxd8 Rxd8 9. Nd5 Nxd5 10. cxd5 c6 11. Bc4 cxd5 12. Bxd5 Nd7 13. O-O-O Nb6 14. Bxf7+ Kxf7 15. Rxd8 Bf6 16. Ng5+ Kg7 17. Rd3 h6 18. Nf3 Be6 19. b3 g5 20. h3 Nd7 21. Kb2 Kf7 22. Rhd1 Ke8 23. Rc1 Bd8 24. Bd2 a5 25. Rd1 a4 26. Bb4 axb3 27. axb3 Be7 28. Bd6 Nc5 29. Bxc5 Bxc5 30. Nxe5 Ba3+ 31. Kb1 Rc8 32. Nc4 Bxc4 33. bxc4 Rxc4 34. Rxa3 Rxe4 35. Re3 Rxe3 36. fxe3 Ke7 37. Rd4 Ke6 38. Kb2 1-0


[Site "https://www.chess.com"]

[Event "Titled Tuesday Blitz March 28 Late 2023"]
[White "Bouget, Alexandre"]
[Black "Khatena, Moshe"]
[WhiteFideId "681318"]
[BlackFideId "2010461"]
[WhiteElo "2177"]
[BlackElo "2169"]
[Result "1-0"]
[Round "05"]
[TimeControl "180+2"]
[Date "2023.03.28"]
[WhiteClock "0:00:17"]
[BlackClock "0:00:18"]

1. Nc3 c5 2. e3 Nc6 3. d4 e6 4. Nf3 Nf6 5. Be2 b6 6. O-O Bb7 7. dxc5 bxc5 8. e4 d6 9. Bg5 Be7 10. Nb5 a6 11. Bxf6 gxf6 12. Nc3 Rg8 13. Qd2 Qb6 14. b3 Nd4 15. Nxd4 cxd4 16. Na4 Qa7 17. Bf3 f5 18. Rfe1 Rc8 19. Rad1 Bf6 20. Nb2 Qa8 21. Nc4 Ke7 22. Nb6 Qb8 23. Nxc8+ Qxc8 24. c4 Qa8 25. Qd3 e5 26. Kh1 Rg5 27. exf5 Bxf3 28. Qxf3 Qxf3 29. gxf3 Rxf5 30. Rd3 a5 31. a3 Ke6 32. b4 axb4 33. axb4 Rg5 34. Rxd4 Rg8 35. Rd3 Rb8 36. b5 Bd8 37. f4 f6 38. fxe5 fxe5 39. f4 Ba5 40. Re2 Rc8 41. fxe5 dxe5 42. Rd5 Bc3 43. b6 Rxc4 44. Rb5 Bd4 45. b7 Rc1+ 46. Kg2 Rg1+ 47. Kh3 Kf5 48. b8=Q 1-0


[Site "https://www.chess.com"]

[Event "Titled Tuesday Blitz March 28 Late 2023"]
[White "Kornyukov, Alexey"]
[Black "Guzman Moneo, Alberto"]
[WhiteFideId "4150457"]
[BlackFideId "2209616"]
[WhiteElo "2352"]
[BlackElo "2157"]
[Result "0-1"]
[Round "05"]
[TimeControl "180+2"]
[Date "2023.03.28"]
[WhiteClock "0:00:01"]
[BlackClock "0:00:36"]

1. d4 g6 2. c4 Bg7 3. e4 d6 4. Nc3 a6 5. f3 Nc6 6. Nge2 Rb8 7. Bg5 b5 8. cxb5 axb5 9. Rc1 h6 10. Be3 b4 11. Na4 Bd7 12. b3 Nf6 13. Qd2 h5 14. Nf4 g5 15. Nd5 g4 16. Nxf6+ Bxf6 17. Be2 e5 18. dxe5 Nxe5 19. O-O gxf3 20. Bxf3 h4 21. Nb2 Rg8 22. Nc4 Bg4 23. Nxe5 Bxe5 24. Bxg4 Rxg4 25. h3 Rg6 26. Bd4 Rb5 27. Bxe5 Rxe5 28. Qxb4 Reg5 29. Rc2 Rg3 30. Qa4+ Qd7 31. Qa8+ Ke7 32. Rcf2 f6 33. Qh8 Qxh3 34. Qh7+ Rg7 0-1


[Site "https://www.chess.com"]

[Event "Titled Tuesday Blitz March 28 Late 2023"]
[White "KSho99"]
[Black "Jorajuria Mendoza, Algol"]
[BlackFideId "5128897"]
[WhiteElo "2155"]
[BlackElo "2076"]
[Result "0-1"]
[Round "05"]
[TimeControl "180+2"]
[Date "2023.03.28"]
[WhiteClock "0:00:15"]
[BlackClock "0:00:28"]

1. e4 c5 2. Nf3 Nc6 3. Bb5 e6 4. O-O Nge7 5. Re1 a6 6. Bf1 Ng6 7. c3 Be7 8. d4 cxd4 9. cxd4 d6 10. Nc3 O-O 11. g3 b5 12. h4 Re8 13. h5 Nf8 14. d5 Ne5 15. Nxe5 dxe5 16. h6 g6 17. Be3 exd5 18. Nxd5 Bd6 19. Rc1 Bb7 20. Qg4 Bc8 21. Qd1 Bb7 22. Qd2 Ne6 23. Bb6 Qg5 24. Be3 Qd8 25. Bb6 Qg5 26. Qxg5 Nxg5 27. Nf6+ Kf8 28. Nxe8 Nf3+ 29. Kg2 Nxe1+ 30. Rxe1 Kxe8 31. f3 Rc8 32. Bd3 Bb4 33. Rd1 Rc6 34. Be3 Bc8 35. Rc1 Rxc1 36. Bxc1 Be6 37. a3 Bc5 38. b4 Bd4 39. Bg5 Bb2 40. a4 bxa4 41. Bxa6 a3 42. Bb5+ Kf8 0-1


[Site "https://www.chess.com"]

[Event "Titled Tuesday Blitz March 28 Late 2023"]
[White "Toma, Katarzyna"]
[Black "Sliwicki, Damian"]
[WhiteFideId "1119907"]
[BlackFideId "1127128"]
[WhiteElo "2149"]
[BlackElo "2030"]
[Result "0-1"]
[Round "05"]
[TimeControl "180+2"]
[Date "2023.03.28"]
[WhiteClock "0:00:15"]
[BlackClock "0:00:42"]

1. e4 d5 2. exd5 Qxd5 3. Nc3 Qa5 4. Bc4 Nf6 5. Nf3 Bf5 6. O-O e6 7. Re1 Be7 8. a3 O-O 9. Nd4 Bg4 10. Be2 Bxe2 11. Qxe2 Nbd7 12. b4 Qb6 13. Nf3 a5 14. Na4 Qc6 15. b5 Qxc2 16. Nc3 Bc5 17. a4 e5 18. Ra2 Qb3 19. Rb2 Qe6 20. Nxe5 Nxe5 21. Qxe5 Bxf2+ 0-1


[Site "https://www.chess.com"]

[Event "Titled Tuesday Blitz March 28 Late 2023"]
[White "Vargas Rodriguez, Wilver"]
[Black "Torres Boch, Jose Francisco"]
[WhiteFideId "3509672"]
[BlackFideId "2278383"]
[WhiteElo "2238"]
[BlackElo "2073"]
[Result "0-1"]
[Round "05"]
[TimeControl "180+2"]
[Date "2023.03.28"]
[WhiteClock "0:00:02"]
[BlackClock "0:01:47"]

1. e4 c5 2. Nf3 d6 3. d4 cxd4 4. Nxd4 Nf6 5. Nc3 a6 6. Bc4 e6 7. Bb3 Nbd7 8. Bg5 Nc5 9. O-O Be7 10. Re1 O-O 11. Be3 Qc7 12. f3 b5 13. Bf2 Bb7 14. Bg3 Rfd8 15. Qe2 Qb6 16. Rad1 Nxb3 17. axb3 e5 18. Nd5 Nxd5 19. exd5 Bf6 20. Bf2 exd4 21. c3 g6 22. Rxd4 Qc7 23. Rf4 Be5 24. Re4 Bxd5 25. Rh4 Bf6 26. Rf4 Bg7 27. Qd2 Bxb3 28. Rh4 Re8 0-1


[Site "https://www.chess.com"]

[Event "Titled Tuesday Blitz March 28 Late 2023"]
[White "Gerbelli Neto, Eduardo"]
[Black "Matute Escobar, Roxanny"]
[WhiteFideId "2103281"]
[BlackFideId "3926028"]
[WhiteElo "2178"]
[BlackElo "1732"]
[Result "1-0"]
[Round "05"]
[TimeControl "180+2"]
[Date "2023.03.28"]
[WhiteClock "0:00:12"]
[BlackClock "0:00:03"]

1. e4 c5 2. Nc3 Nc6 3. f4 g6 4. Nf3 Bg7 5. Bc4 e6 6. f5 Nge7 7. fxe6 dxe6 8. d3 O-O 9. O-O a6 10. Qe1 b5 11. Bb3 Nd4 12. Bg5 Bb7 13. Qh4 Nxf3+ 14. Rxf3 Qd4+ 15. Be3 Qd6 16. Bf4 e5 17. Bh6 Bc8 18. Raf1 c4 19. dxc4 bxc4 20. Bxc4 Qc5+ 21. Kh1 Qxc4 22. Bxg7 Kxg7 23. Qxe7 Qe6 24. Qh4 Bb7 25. Rh3 h5 26. Rg3 Rh8 27. Qg5 h4 28. Rgf3 Raf8 29. Rf6 Qe8 30. Nd5 Bxd5 31. exd5 h3 32. d6 hxg2+ 33. Qxg2 e4 34. Qg3 e3 35. R6f3 Qe4 36. Re1 Qxc2 37. Rfxe3 Rd8 38. Qe5+ Kg8 39. R1e2 Qb1+ 40. Kg2 Rc8 41. d7 Rd8 42. Qe8+ Kg7 43. Qe5+ Kg8 44. Qe7 Kg7 45. Rf3 Qd1 46. Qxf7+ Kh6 47. Rh3+ Kg5 48. Qe7+ Kg4 49. Re4+ Kf5 50. Qe6+ Kg5 51. Qe5# 1-0


[Site "https://www.chess.com"]

[Event "Titled Tuesday Blitz March 28 Late 2023"]
[White "Svicevic, Rastko"]
[Black "Shkuran, Danylo"]
[WhiteFideId "916315"]
[BlackFideId "14106248"]
[WhiteElo "2071"]
[BlackElo "2427"]
[Result "1-0"]
[Round "05"]
[TimeControl "180+2"]
[Date "2023.03.28"]
[WhiteClock "0:00:05"]
[BlackClock "0:00:10"]

1. d4 Nf6 2. Bg5 e6 3. e4 Be7 4. e5 Nd5 5. Bxe7 Qxe7 6. c4 Nb6 7. Nc3 d6 8. Nf3 Nc6 9. exd6 cxd6 10. Bd3 h6 11. O-O O-O 12. Re1 Qd8 13. a3 d5 14. c5 Nd7 15. b4 a6 16. Rb1 Nf6 17. a4 Bd7 18. b5 axb5 19. axb5 Na5 20. Ne5 Qc7 21. Rb4 Rfc8 22. Qb1 Be8 23. b6 Qd8 24. Nb5 Bxb5 25. Bxb5 Ne4 26. Qb2 Qf6 27. f3 Nxc5 28. dxc5 Rxc5 29. Bd3 Qe7 30. h3 Rac8 31. Bb1 Rc3 32. Rg4 Qf6 33. Nd7 Qe7 34. Ne5 Qf6 35. Nd3 Kh8 36. Ra4 Nc4 37. Qe2 Nxb6 38. Ra7 Nc4 39. Rxb7 Qd4+ 40. Kh2 Nd6 41. Rd7 Nf5 42. Qf2 Rxd3 43. Qxd4 Rxd4 44. Bxf5 exf5 45. Rxf7 Rd2 46. Rxf5 d4 47. Rf7 Rd8 48. Ree7 Rg8 49. Rd7 Kh7 50. Rf4 d3 51. Rfd4 Re8 52. Rxd3 Rde2 53. Rd2 R2e6 54. R7d6 R6e7 55. Rd7 Re6 56. R7d6 Re5 57. R6d5 Re1 58. R5d3 R8e7 59. Rd7 R7e6 60. Rf7 Rg6 61. Rf2 Re5 62. Rc7 Rf6 63. Rcc2 Rg6 64. Rce2 Ra5 65. Rd2 Kg8 66. Rde2 Kf8 67. Rb2 Re6 68. f4 Kf7 69. f5 Ree5 70. Rb7+ Kf6 71. Rb6+ Kf7 72. Rb7+ Kf8 73. Rb8+ Ke7 74. Rb7+ Kf6 75. Rb6+ Kf7 76. g4 Re7 77. Rbb2 Rae5 78. Rbd2 Rc7 79. Kg2 Rc6 80. Rde2 Rb5 81. Rf3 Kf6 82. Rfe3 Rbb6 83. Kg3 Kf7 84. h4 Kg8 85. Re8+ Kh7 86. R8e7 Rc3+ 87. R7e3 Rc7 88. Rf3 Rbc6 89. g5 hxg5 90. hxg5 Rc3 91. Rh2+ Kg8 92. Re2 Rxf3+ 93. Kxf3 Kf7 94. Kf4 Rc4+ 95. Re4 Rc1 96. Ra4 Ra1 97. Rxa1 Ke8 98. Ra7 Kf8 99. Ra8+ Kf7 100. g6+ Kf6 101. Rf8+ Ke7 102. Rf7+ Ke8 103. Rxg7 Kf8 104. Rf7+ Kg8 105. Rb7 Kh8 106. Ra7 1-0


[Site "https://www.chess.com"]